 Dungeon Crawl Stone Soup version 0.17-a0-2074-gaf3f87d (webtiles) character file.

1696 Japsu the Ducker (level 8, -14/62 HPs)
             Began as a Demonspawn Gladiator on Oct 3, 2015.
             Was a Follower of Yredelemnul.
             Demolished by a hill giant
             ... wielding a +0 giant spiked club
              (20 damage)
             ... on level 8 of the Dungeon on Oct 15, 2015.
             The game lasted 00:43:58 (7592 turns).

Japsu the Ducker (Demonspawn Gladiator)             Turns: 7592, Time: 00:43:59

Health: -14/62     AC: 16    Str: 16    XL:     8   Next: 72%
Magic:  10/10      EV: 15    Int: 10    God:    Yredelemnul [*.....]
Gold:   149        SH:  0    Dex: 15    Spells: 0 memorised, 7 levels left

rFire  . . .     SeeInvis .     a - +1 war axe
rCold  . . .     Clarity  .     b - +0 leather armour
rNeg   . . .     SustAt   .     (no shield)
rPois  .         Gourm    .     c - +0 helmet
rElec  .         Spirit   .     k - +1 cloak
rCorr  .         Warding  .     (no gloves)
rMut   .         Stasis   .     r - +2 pair of boots
MR     .....                    (no amulet)
Stlth  +.........               (no ring)
                                (no ring)

@: not resistant to hostile enchantments, very unstealthy
A: talons 1, iridescent scales 2, powered by pain 1
a: Animate Remains, Renounce Religion


You were on level 8 of the Dungeon.
You worshipped Yredelemnul.
Yredelemnul was aware of your devotion.
You were full.

You visited 2 branches of the dungeon, and saw 9 of its levels.

You collected 270 gold pieces.
You spent 121 gold pieces at shops.

Inventory:

Hand Weapons
 a - a +1 war axe (weapon)
 e - a cursed +0 hand axe
 p - a +0 shortbow
 F - a cursed +1 dagger
Missiles
 d - 3 throwing nets (quivered)
 v - 2 arrows of dispersal
Armour
 b - a +0 leather armour (worn)
 c - a +0 helmet (worn)
 f - a +0 cloak
 g - a cursed +0 ring mail
 j - a +0 ring mail
 k - a +1 cloak (worn)
 r - a +2 pair of boots (worn)
 t - a +0 chain mail
 G - a +0 plate armour
Jewellery
 z - a cursed amulet of regeneration {unknown}
 B - the ring of Usoexeli {+/*Tele Str-2 Int+4 Dex+7 SInv, unknown}
   (You found it on level 5 of the Dungeon)

   [ring of teleportation]

   It may teleport you to nearby monsters, and can be evoked to randomly
   teleport.
   It affects your strength (-2).
   It affects your intelligence (+4).
   It affects your dexterity (+7).
   It lets you see invisible.
Wands
 n - a wand of disintegration (10)
 y - a wand of flame (20)
 C - a wand of lightning (7)
 D - a wand of draining (7)
Scrolls
 h - 5 scrolls of identify
 q - a scroll of blinking
 s - 2 scrolls of teleportation
 E - a scroll of amnesia {unknown}
Potions
 l - 2 potions of ambrosia
 u - a potion of brilliance
 x - a potion of heal wounds
 A - a potion of magic {unknown}
Books
 I - a Necronomicon

   Spells                             Type                      Level
   a - Haunt                          Necromancy/Summoning         7
   b - Borgnjor's Revivification      Necromancy                   8
   c - Death's Door                   Charms/Necromancy            8
   d - Necromutation                  Transmutation/Necromancy     8
Comestibles
 i - 3 slices of pizza
 o - 2 meat rations
 w - 3 bread rations


   Skills:
 * Level 5.1 Fighting
 + Level 6.1 Axes
 + Level 1.9 Throwing
 - Level 3.8 Armour
 * Level 6.3 Dodging
 - Level 0.4 Stealth
 * Level 2.6 Invocations


You had 7 spell levels left.
You didn't know any spells.

Dungeon Overview and Level Annotations

Branches:
Dungeon (8/15)             Temple (1/1) D:5
   Lair: D:8-11

Altars:
Ashenzari
Cheibriados
Dithmenos
Elyvilon
Fedhas
Gozag
Kikubaaqudgha
Makhleb
Nemelex Xobeh
Okawaru
Qazlal
Ru
Sif Muna
Trog
Vehumet
Xom
Yredelemnul
Zin
The Shining One

Shops:
D:5 }


Innate Abilities, Weirdness & Mutations

You have sharp toenails.
You are mostly covered in iridescent scales (AC +6).
You sometimes gain a little power by taking damage.


Message History

There is a stone staircase leading down here.
The hill giant hits you with a giant spiked club!
* * * LOW HITPOINT WARNING * * *
You climb downwards.
Found a scroll of identify.
There is a stone staircase leading up here.
Use which ability?
Okay, then.
Unknown command.
Drink which item? (? for menu, Esc to quit)
You feel better.
You hit the hill giant but do no damage.
The hill giant is lightly wounded.
The hill giant hits you with a giant spiked club!!
* * * LOW HITPOINT WARNING * * *
You slash the hill giant!
The hill giant is lightly wounded.
The hill giant hits you with a giant spiked club!!
You die...
Your body rises from the dead as a mindless zombie.

## .#
#####.##?#.#
#.@C<.....#
#.###.##....
... .# .
#.##. .# #
.. .# .# ##
#. #.


You could see a hill giant.

Vanquished Creatures
  The ghost of Crag the Stinger, an average OpVM of Kikubaaqudgha (D:5)
  2 centaurs
  2 ice beasts
  An ogre (D:6)
  A sky beast (D:7)
  A giant frog (D:6)
  2 wights (D:6)
  2 crimson imps
  3 orc wizards
  4 hounds
  An orc priest (D:5)
  A giant frog skeleton (D:5)
  4 worker ants
  3 iguanas
  9 adders
  3 gnolls (D:5)
  A shadow imp (D:6)
  2 oozes
  2 adder skeletons (D:5)
  4 worms
  5 giant geckos
  10 orcs
  2 ball pythons
  5 bats
  3 giant cockroaches
  8 goblins
  9 hobgoblins
  6 kobolds
  A giant gecko skeleton (D:5)
  6 giant newts
  2 jackal skeletons (D:4)
  7 rats
113 creatures vanquished.

Vanquished Creatures (collateral kills)
  An orc warrior (D:6)
  An ice beast (D:6)
  A wight (D:6)
  An orc wizard (D:6)
  An iguana (D:6)
  2 orcs (D:6)
7 creatures vanquished.

Vanquished Creatures (others)
  A sky beast zombie (D:7)
  An adder zombie (D:5)
  A gnoll zombie (D:5)
3 creatures vanquished.

Grand Total: 123 creatures vanquished

Notes
Turn   | Place    | Note
--------------------------------------------------------------
     0 | D:1      | Japsu the Demonspawn Gladiator began the quest for the Orb.
     0 | D:1      | Reached XP level 1. HP: 16/16 MP: 1/1
   232 | D:1      | Gained mutation: You have sharp toenails. [demonic ancestry]
   232 | D:1      | Reached XP level 2. HP: 15/22 MP: 2/2
   331 | D:1      | Reached skill level 3 in Dodging
   379 | D:1      | You fall through a shaft!
   837 | D:1      | Gained mutation: You are partially covered in iridescent scales (AC +4). [demonic ancestry]
   837 | D:1      | Reached XP level 3. HP: 27/27 MP: 3/3
  1524 | D:2      | Found a basalt altar of Yredelemnul.
  1532 | D:2      | Became a worshipper of Yredelemnul the Dark
  1848 | D:2      | Reached skill level 1 in Armour
  2136 | D:2      | Gained mutation: You are mostly covered in iridescent scales (AC +6). [demonic ancestry]
  2136 | D:2      | Reached XP level 4. HP: 34/34 MP: 4/4
  3127 | D:4      | Reached piety under Yredelemnul
  3254 | D:4      | Reached XP level 5. HP: 27/40 MP: 5/5
  3699 | D:4      | Reached skill level 4 in Axes
  4200 | D:4      | Gained mutation: You sometimes gain a little power by taking damage. [demonic ancestry]
  4200 | D:4      | Reached XP level 6. HP: 46/46 MP: 6/6
  4241 | D:5      | Entered Level 5 of the Dungeon
  4585 | D:5      | Reached skill level 1 in Invocations
  4658 | D:5      | Reached skill level 5 in Axes
  4658 | D:5      | Reached XP level 7. HP: 24/52 MP: 5/7
  4746 | D:5      | Noticed Crag's ghost (average OpVM)
  4765 | D:5      | Killed Crag's ghost
  5088 | D:5      | Reached skill level 5 in Dodging
  5101 | D:5      | Upgraded the game from 0.17-a0-1951-g62301d3 to 0.17-a0-1989-gfb2cd5c
  5101 | D:5      | Upgraded the game from 0.17-a0-1989-gfb2cd5c to 0.17-a0-2074-gaf3f87d
  5301 | D:5      | Found a staircase to the Ecumenical Temple.
  5305 | D:5      | Got an ancient lead ring
  5312 | Temple   | Entered the Ecumenical Temple
  5631 | D:5      | Found Maduk's Gadget Shoppe.
  5636 | D:5      | Bought a wand of draining (7) for 121 gold pieces
  6484 | D:6      | Reached XP level 8. HP: 60/60 MP: 9/9
  6950 | D:6      | Reached skill level 6 in Axes
  7544 | D:7      | Reached skill level 5 in Fighting
  7565 | D:7      | Noticed a hill giant
  7592 | D:8      | Demolished by a hill giant

Vault maps used:
D:1:      dpeg_arrival_lava_altar, grunt_decor_cap
D:2:      lemuel_crystal_altar, serial_forest, infiniplex_forest_lined_room_2,
          infiniplex_forest_lined_2, infiniplex_forest_clump_diagonal,
          infiniplex_forest_straight_4, infiniplex_forest_straight_3,
          infiniplex_forest_lined_4_way, infiniplex_forest_pool,
          infiniplex_forest_lined_ring, first_bread
D:5:      minmay_temple_entry_hall, serial_shops, kennysheep_little_box
D:8:      grunt_ogre_cave
Temple:   kilobyte_greek_temple_18

Action                   |  1- 3 |  4- 6 |  7- 9 || total
-------------------------+-------+-------+-------++-------
Melee: War axe           |   127 |   218 |   202 ||   547
Invok: Animate Remains   |       |     3 |     2 ||     5
  Use: Potion            |     7 |     3 |     3 ||    13
       Scroll            |     4 |     6 |     2 ||    12
  Eat: Bread ration      |     1 |     1 |       ||     2
       Chunk             |     1 |       |     2 ||     3
       Meat ration       |       |     1 |     2 ||     3
